Map: Cyber Forest LE

Players

Serral - Winner!

  • Race: Zerg Zerg
  • Spawn Location: 11:00

soO

  • Race: Zerg Zerg
  • Spawn Location: 5:00

Event: IEM Season 13: Katowice (2019)

VOD

Have the link to the VOD?

Description

Time

  • Played on: March 2, 2019, 11:33 a.m.
  • Length: 13:13

All games in this series

Show
View Real Time Build Order
Export as new Build Order

Serral Zerg - Winner!

Build Orders: Hatch First 

Get SALT Encoding   

  12  0:01  Drone  
  13  0:12  Overlord  
  13  0:16  Drone  
  14  0:30  Drone  
  14  0:31  Drone  
  16  0:48  Hatchery  
  15  0:51  Drone  
  15  0:55  Drone  
  17  1:09  Spawning Pool  
  16  1:12  Extractor  
  16  1:14  Drone  
  16  1:17  Drone  
  17  1:21  Drone  
  18  1:28  Drone  
  19  1:39  Drone  
  20  1:50  Overlord  
  20  1:55  Queen  
  20  2:00  Queen  
  24  2:03  Drone x2  
  26  2:12  Drone x2  
  28  2:21  Drone  
  28  2:22  Drone  
  30  2:32  Zergling x2  
  31  2:38  Hatchery  
  31  2:42  Drone  
  31  2:44  Overlord  
  31  2:49  Drone  
  32  2:53  Drone  
  32  2:54  Drone  
  34  3:02  Evolution Chamber  
  34  3:04  Drone x3  
  36  3:06  Overlord  
  36  3:12  Drone  
  37  3:13  Drone, Roach Warren  
  37  3:15  Drone  
  37  3:17  Drone  
  39  3:20  Drone  
  39  3:22  Drone  
  40  3:27  Zerg Missile Weapons Level 1  
  40  3:28  Drone  
  40  3:30  Drone  
  42  3:35  Lair  
  42  3:38  Extractor, Drone  
  42  3:39  Extractor  
  42  3:40  Drone  
  42  3:42  Drone  
  42  3:44  Drone  
  42  3:45  Drone  
  42  3:48  Drone  
  46  3:49  Drone  
  46  3:52  Drone  
  46  3:53  Drone  
  49  3:55  Overlord  
  49  4:01  Roach  
  49  4:02  Roach  
  53  4:05  Overlord  
  53  4:09  Drone  
  55  4:10  Drone x2  
  55  4:12  Overlord  
  55  4:15  Roach  
  58  4:20  Overlord  
  58  4:22  Overlord  
  58  4:24  Roach x2  
  62  4:25  Roach  
  62  4:28  Roach  
  62  4:31  Queen  
  68  4:33  Roach  
  70  4:40  Overseer  
  70  4:43  Roach x2  
  74  4:48  Overlord x2  
  74  4:50  Roach  
  76  4:57  Overlord  
  76  4:58  Overlord  
  76  4:59  Roach x2, Glial Reconstitution  
  80  5:02  Overlord  
  80  5:05  Roach  
  80  5:06  Overlord  
  82  5:12  Roach x2  
  86  5:16  Roach x2  
  86  5:20  Roach, Overlord  
  92  5:24  Roach x2  
  96  5:31  Roach x3  
  102  5:36  Overlord  
  102  5:38  Roach x3  
  108  5:44  Extractor  
  107  5:51  Roach x2  
  107  5:55  Drone x3  
  114  6:01  Overlord  
  114  6:06  Drone x7  
  114  6:09  Extractor  
  114  6:10  Zerg Missile Weapons Level 2  
  120  6:11  Drone  
  120  6:13  Pneumatized Carapace  
  120  6:16  Drone x3  
  124  6:22  Overlord  
  124  6:26  Drone x2  
  124  6:27  Roach, Drone  
  124  6:28  Roach x2  
  133  6:33  Roach x3  
  133  6:37  Roach x2  
  141  6:46  Roach x2  
  145  6:49  Ravager x3  
  145  6:50  Roach x2  
  145  6:52  Overlord  
  145  6:53  Overlord x2  
  152  6:54  Overlord  
  152  6:59  Roach  
  152  7:01  Overlord x2  
  154  7:11  Roach x5  
  154  7:13  Overseer  
  164  7:18  Roach  
  164  7:21  Roach x4  
  174  7:26  Ravager x2  
  174  7:28  Roach  
  178  7:37  Overlord  
  178  7:39  Roach x6  
  178  7:46  Roach x3  
  146  7:52  Roach x4  
  146  7:55  Roach x2  
  140  8:02  Roach x4  
  130  8:06  Roach  
  123  8:13  Roach  
  123  8:14  Roach  
  123  8:18  Roach, Queen  
  129  8:24  Ravager x2  
  129  8:25  Roach x2  
  135  8:29  Queen  
  135  8:31  Extractor  
  135  8:32  Roach, Ravager  
  137  8:38  Roach  
  137  8:39  Roach x2, Queen  
  143  8:46  Hatchery  
  142  8:50  Roach  
  144  8:59  Roach  
  144  9:00  Roach x2  
  150  9:06  Roach x3  
  156  9:11  Zerg Ground Armor Level 1  
  156  9:13  Roach x3  
  156  9:15  Spine Crawler  
  161  9:20  Roach  
  161  9:22  Ravager  
  161  9:24  Roach x2  
  168  9:29  Roach x4  
  176  9:33  Roach x3  
  176  9:37  Roach  
  184  9:43  Roach  
  184  9:44  Roach x2  
  190  9:50  Roach x2  
  194  9:56  Roach x3  
  194  9:57  Overseer  
  200  10:00  Tunneling Claws, Burrow  
  200  10:06  Overlord  
  200  10:10  Overseer, Overlord  
  196  10:37  Roach x2  
  196  10:45  Roach x6  
  200  10:51  Roach  
  200  10:55  Roach  
  200  10:56  Roach  
  200  11:01  Ravager  
  199  11:08  Ravager  
  200  11:12  Overseer  
  200  11:13  Overlord  
  196  11:24  Roach x3  
  195  11:34  Roach x2  
  183  11:47  Roach  
  183  11:48  Roach x39  
  183  11:51  Roach x5  
  186  11:55  Roach x8  
  198  12:03  Queen  
  200  12:11  Infestation Pit  
  189  12:16  Roach x6  
  189  12:20  Roach x5  
  193  12:24  Roach x3  
  193  12:29  Roach x3  
  187  12:38  Roach x3  
  187  12:39  Roach x4  
  187  12:43  Roach x4  
  187  12:44  Roach  
Show
View Real Time Build Order
Export as new Build Order

soO Zerg 

Build Orders: Hatch First 

Get SALT Encoding   

  12  0:00  Drone  
  13  0:12  Overlord  
  13  0:16  Drone  
  14  0:30  Drone x2  
  14  0:33  Drone  
  17  0:50  Hatchery  
  17  0:53  Drone  
  17  0:57  Drone  
  18  1:07  Extractor  
  18  1:11  Spawning Pool  
  16  1:14  Drone  
  16  1:18  Drone  
  18  1:27  Drone  
  19  1:39  Overlord  
  19  1:50  Drone  
  20  1:58  Queen  
  20  1:59  Drone  
  23  2:02  Queen, Drone  
  26  2:10  Drone  
  26  2:14  Drone  
  28  2:24  Drone x2  
  30  2:33  Queen, Overlord  
  30  2:34  Drone  
  33  2:43  Drone  
  34  2:44  Lair  
  34  2:46  Drone  
  35  2:53  Drone  
  35  2:55  Evolution Chamber  
  35  2:59  Drone, Roach Warren  
  35  3:03  Drone  
  35  3:05  Drone  
  37  3:06  Drone x2  
  37  3:07  Drone  
  37  3:09  Drone  
  37  3:11  Drone  
  42  3:13  Drone  
  42  3:15  Drone  
  44  3:21  Zerg Missile Weapons Level 1  
  44  3:22  Extractor  
  44  3:23  Drone  
  44  3:24  Extractor  
  44  3:26  Drone  
  44  3:36  Overlord  
  44  3:47  Overlord  
  44  3:56  Drone x3  
  44  3:58  Hatchery  
  44  3:59  Overseer  
  44  4:00  Glial Reconstitution  
  44  4:01  Roach x2  
  50  4:03  Overseer  
  50  4:12  Roach x2  
  50  4:13  Roach x2  
  58  4:19  Roach  
  58  4:20  Overlord  
  58  4:23  Overlord  
  60  4:35  Overlord  
  60  4:39  Drone  
  60  4:40  Roach x3  
  60  4:43  Roach x2  
  71  4:51  Roach  
  73  4:55  Roach x4  
  81  5:01  Overlord  
  81  5:02  Drone  
  81  5:04  Roach  
  84  5:08  Overlord  
  84  5:12  Drone  
  85  5:14  Roach x2  
  85  5:17  Zerg Missile Weapons Level 2  
  89  5:22  Drone x2  
  89  5:24  Drone  
  89  5:25  Drone x2  
  89  5:27  Drone  
  89  5:28  Drone  
  96  5:31  Drone x2  
  98  5:37  Drone x2  
  98  5:42  Roach  
  102  5:45  Overlord  
  102  5:48  Overlord  
  102  5:50  Ravager x2  
  102  5:54  Roach  
  102  5:56  Overlord  
  102  5:57  Overlord x2  
  106  5:58  Overseer  
  106  5:59  Overlord  
  106  6:02  Extractor  
  105  6:04  Ravager  
  105  6:05  Roach x3  
  105  6:07  Roach  
  105  6:09  Overlord  
  114  6:12  Roach x2  
  114  6:16  Roach x2  
  122  6:20  Roach  
  122  6:22  Overlord  
  124  6:26  Overlord  
  124  6:28  Roach  
  126  6:33  Roach x4  
  134  6:42  Roach x4  
  134  6:46  Roach x2  
  146  6:49  Roach  
  146  6:51  Roach  
  150  6:54  Roach  
  150  6:55  Overlord  
  150  6:57  Roach x2  
  156  7:02  Roach x2  
  156  7:08  Roach x2  
  164  7:11  Overlord  
  164  7:12  Roach x2  
  168  7:18  Roach x2  
  172  7:23  Roach x2  
  172  7:27  Roach x2  
  180  7:32  Roach x2  
  180  7:35  Roach  
  180  7:36  Roach  
  188  7:41  Roach  
  188  7:44  Roach x3  
  182  7:48  Roach x2  
  154  7:52  Roach  
  154  7:54  Roach  
  154  7:56  Roach  
  132  7:59  Roach  
  132  8:00  Roach  
  132  8:02  Roach  
  118  8:06  Roach  
  118  8:07  Roach  
  118  8:09  Roach  
  118  8:12  Roach  
  108  8:14  Roach  
  108  8:16  Roach  
  108  8:19  Roach  
  108  8:23  Roach x2  
  108  8:24  Drone x3  
  115  8:27  Roach x2, Extractor  
  115  8:31  Roach  
  120  8:35  Roach x2  
  124  8:45  Ravager  
  124  8:46  Roach x2  
  129  8:50  Roach x2  
  129  8:54  Roach  
  129  8:55  Roach  
  137  8:56  Hatchery  
  137  9:00  Roach x2  
  140  9:04  Roach x2  
  140  9:06  Roach  
  140  9:07  Roach  
  140  9:09  Roach  
  150  9:13  Roach x2  
  156  9:17  Roach  
  156  9:20  Roach x3  
  162  9:34  Roach x2  
  162  9:37  Roach  
  168  9:41  Roach  
  168  9:44  Ravager x2  
  172  9:46  Roach x4  
  172  9:48  Overlord  
  172  9:49  Roach x2  
  172  9:52  Roach  
  186  9:53  Overlord  
  186  9:58  Overlord  
  186  10:00  Overlord  
  186  10:07  Roach x4  
  186  10:10  Ravager x2  
  186  10:12  Roach  
  198  10:15  Roach  
  194  10:38  Roach x3  
  198  10:47  Roach x2  
  200  10:53  Roach x2  
  200  10:55  Roach  
  200  11:02  Roach  
  188  11:26  Roach x6  
  188  11:28  Roach  
  190  11:41  Roach x8  
  190  11:43  Roach x2  
  190  11:46  Roach x5  
  190  11:47  Roach x3  
  200  11:48  Roach x3  
  200  11:49  Roach  
  200  11:51  Roach x2  
  200  11:52  Roach  
  200  11:53  Roach x3  
  200  11:54  Roach x3  
  192  12:00  Roach x2  
  160  12:03  Roach  
  160  12:07  Ravager  
  160  12:08  Ravager x3  
  166  12:12  Roach x5  
  166  12:15  Roach  
  161  12:17  Roach  
  161  12:18  Roach  
  161  12:22  Roach x2  
  147  12:26  Roach x2  
  147  12:29  Roach x2  
  135  12:37  Roach x3  
  139  12:38  Roach x2  
  139  12:41  Roach  
  134  12:45  Roach x2  

Tags
 
Add a new tag
Caveats
  • Supply blocks, unpowered buildings, or Contaminate may cause inaccurate times.
  • Supply counts are checked every 10 seconds.